 Dungeon Crawl Stone Soup version 0.31.0-32-g396128a36d (webtiles) character file.

Game seed: 16863017433776047753

1567973 legrandkwe the Slayer (level 26, 225/258 HPs)
             Began as a Minotaur Berserker on Feb 2, 2024.
             Was a High Priest of Trog.
             Escaped with the Orb
             ... and 3 runes on Mar 10, 2024!
             The game lasted 10:18:59 (78368 turns).

legrandkwe the Slayer (Minotaur Berserker)         Turns: 78368, Time: 10:19:00

Health: 225/258    AC: 47    Str: 31 (32) XL:     26   Next: 19%
Magic:  22/22      EV: 15    Int:  5 (6)  God:    Trog [*****.]
Gold:   3505       SH: 25    Dex: 15 (16) Spells: 25/25 levels left

rFire   + + +        n - +9 demon whip "Ledibili" {drain, ^Drain rF+ rC++ SInv}
rCold   + + +        e - +4 tower shield
rNeg    . . .        j - +12 gold dragon scales
rPois   +            B - +2 hat {SInv}
rElec   +            U - +4 dragonskin cloak
rCorr   +            b - +2 pair of gloves {Stlth+}
SInv    +            o - +2 pair of boots "Muk Cio" {rCorr Str+2 Stlth+}
Will    ++...        T - amulet "Zuxaykh" {Faith rElec rCorr Str+2} Stlth
                     K - ring of willpower
HPRegen 0.63/turn    M - ring of protection from fire
MPRegen 0.18/turn

%: faith
@: hasted, studying Polearms, very quick
A: horns 2, retaliatory headbutt, thin skeletal structure 1, deformed body,
deterioration 1, mutation resistance 1, inability to read after injury 1
0: Orb of Zot
}: 3/15 runes: decaying, silver, gossamer
a: Renounce Religion, Berserk, Trog's Hand, Brothers in Arms


You escaped.
You worshipped Trog.
Trog was extremely pleased with you.
You visited 9 branches of the dungeon, and saw 46 of its levels.
You also visited: Trove, Bailey, Ice Cave and Wizlab.

You collected 8430 gold pieces.
You spent 4925 gold pieces at shops.

Inventory:

Hand Weapons
 n - the +9 demon whip "Ledibili" (weapon) {drain, ^Drain rF+ rC++ SInv}
   (You took it off a hell knight on level 1 of the Depths)

   rF+:       It protects you from fire.
   rC++:      It greatly protects you from cold.
   SInv:      It lets you see invisible.
   ^Drain:    It drains your maximum health when unequipped.
 R - a +0 antimagic demon trident
 Z - a +5 demon trident of protection
Missiles
 s - 6 boomerangs
 I - 7 javelins (quivered)
 L - 5 silver javelins
Armour
 b - a +2 pair of gloves of stealth (worn)
 e - a +4 tower shield (worn)
 j - +12 gold dragon scales (worn)
 o - the +2 pair of boots "Muk Cio" (worn) {rCorr Str+2 Stlth+}
   (You acquired it on level 1 of the Vaults)

   Str+2:     It affects your strength (+2).
   rCorr:     It protects you from acid and corrosion.
   Stlth+:    It makes you more stealthy.
 B - a +2 hat of see invisible (worn)
 U - the +4 dragonskin cloak (worn)
   (You took it off Tiamat on level 4 of the Realm of Zot)

   Avatar's Aegis: It grants the wearer a chance to resist fire, cold, poison,
   electricity, acid, and negative energy.
Jewellery
 d - the ring "Gimaoj" {Fly Int+6}
   (You found it on level 1 of the Swamp)

   [ring of flight]

   Int+6:     It affects your intelligence (+6).
   Fly:       It grants you flight.
 v - a ring of positive energy
 K - a ring of willpower (left hand)
 M - a ring of protection from fire (right hand)
 P - a ring of positive energy
 S - a +5 ring of evasion
 T - the amulet "Zuxaykh" (around neck) {Faith rElec rCorr Str+2}
   (You found it in a treasure trove)

   [amulet of faith]

   Faith:     It allows you to gain divine favour quickly.
   Str+2:     It affects your strength (+2).
   rElec:     It insulates you from electricity.
   rCorr:     It protects you from acid and corrosion.
 V - the ring of Horghoecw {Dex+5 SInv}
   (You found it on level 3 of the Depths)

   [ring of see invisible]

   Dex+5:     It affects your dexterity (+5).
   SInv:      It lets you see invisible.
Wands
 r - a wand of light (12)
 t - a wand of digging (14)
 y - a wand of mindburst (35)
 z - a wand of iceblast (49)
 G - a wand of paralysis (41)
 W - a wand of polymorph (14)
Scrolls
 c - a scroll of enchant weapon
 f - 14 scrolls of fear
 l - 10 scrolls of teleportation
 q - 8 scrolls of fog
 w - 2 scrolls of revelation
 C - a scroll of summoning
 D - a scroll of blinking
 J - 3 scrolls of vulnerability
 O - a scroll of silence
 Y - 3 scrolls of poison
Potions
 a - a potion of berserk rage
 g - 5 potions of enlightenment
 h - 5 potions of magic
 i - 6 potions of invisibility
 k - 3 potions of cancellation
 p - 3 potions of haste
 u - 7 potions of attraction
 x - 14 potions of curing
 A - 2 potions of lignification
 E - 8 potions of heal wounds
 F - 4 potions of resistance
 H - 5 potions of might
 N - 8 potions of mutation
 Q - 4 potions of ambrosia
Miscellaneous
 m - a sack of spiders
 X - a phantom mirror


   Skills:
 + Level 25.2 Fighting
 - Level 6.1(19.2) Axes
 * Level 21.1(21.4) Maces & Flails
 - Level 19.4(19.7) Polearms
 - Level 9.6 Ranged Weapons
 - Level 10.0 Throwing
 + Level 24.4 Armour
 + Level 18.2 Dodging
 - Level 20.0 Shields
 - Level 12.6 Evocations


You had 25 spell levels left.
You didn't know any spells.
Your spell library was empty.

Dungeon Overview and Level Annotations

Branches:
Dungeon (15/15)            Temple (0/1) D:6            Lair (5/5) D:8
  Swamp (4/4) Lair:3       Spider (4/4) Lair:3          Orc (2/2) D:12
    Elf (2/3) Orc:2        Vaults (5/5) D:14          Crypt (0/3) Vaults:3
 Depths (4/4) D:15            Zot (5/5) Depths:4     Bailey (visited)
  IceCv (visited)          WizLab (visited)
  Slime: Lair:4-5

Altars:
Ashenzari
Cheibriados
Dithmenos
Elyvilon
Fedhas
Hepliaklqana
Kikubaaqudgha
Makhleb
Okawaru
Qazlal
Ru
Uskayaw
Vehumet
Wu Jian
Xom
Yredelemnul
Jiyva

Shops:
D:1 :   D:6 =   D:7 [?[   D:9 !   D:13 :   Orc:2 !:[*   Elf:2 :(   Vaults:1 ?
Vaults:2 !?*!!   Vaults:3 (*   Vaults:4 (*   Vaults:5 (

Portals:
Hell: Depths:1 Depths:2 Depths:3 Depths:4
Abyss: Depths:3 Depths:4
Pandemonium: Depths:2
Ziggurat: Depths:1

Annotations:
D:3 exclusion: oklob plant
D:12 1 exclusion
Lair:5 exclusion: 2 oklob plants
Swamp:4 1 runed translucent door, exclusion: door, Gryn's ghost, adept DgHu; Roxanne
Orc:1 Jorgrun
Elf:2 2 transporters, Tago's ghost, adept TrFi
Abyss:1 Aizul; Xtahua


Innate Abilities, Weirdness & Mutations

You have a pair of horns on your head.
You reflexively headbutt those who attack you in melee.
You have a somewhat thin skeletal structure. (Dex +2, Stealth+)
Armour fits poorly on your strangely shaped body.
Your body sometimes deteriorates upon taking damage.
You are somewhat resistant to further mutation.
You occasionally lose the ability to read scrolls when taking damage.


Message History

The green death roars!
Okay, then.
Aiming: Dig
Press: ? - help, Shift-Dir - straight line A rock wall.
This square is covered in magical glow.
The rock shatters into small pieces.
You feel yourself speed up. The green death gestures at you.
The bolt of poison hits you!
You are poisoned.
You resist.
You feel very sick.
You feel very sick.
You feel very sick.
You feel very sick.
You feel very sick.
You feel sick. The green death gestures at you.
You feel very sick.
You feel sick.
You feel sick.
Aiming: Dig
Press: ? - help, Shift-Dir - straight line A rock wall.
This square is covered in magical glow.
The rock shatters into small pieces.
You feel sick.
You feel sick.
You feel sick.
You feel sick.
You feel sick.
You feel sick.
There is an open door here.
You feel sick.
You feel sick.
You are no longer poisoned.
As you open the door, it creaks loudly!
There is an open door here.
There is a staircase leading out of the dungeon here.
You have escaped!

#####################
#.....'.....'........
##....##..⌠.##...####
##...###...###...##
##..# ##..####...##
##.# #..........○
#####'#####'######..°
#.....'.....# ##..
##..@.##....# ##.
##...###...# ## ##..#
##..# # ##.# ##.# ###
###


There were no monsters in sight!

Vanquished Creatures
  Tiamat (Zot:4)
  2 orbs of fire
  3 ancient liches
  Mennas (Vaults:2)
  Parghit (Depths:3)
  Bai Suzhen (Depths:1)
  A Killer Klown (Zot:5)
  A curse toe (Zot:2)
  the Enchantress (Depths:4)
  Norris (Vaults:4)
  10 golden dragons
  A profane servitor (Depths:3)
  2 electric golems (Zot:5)
  12 tentacled monstrosities
  4 liches
  Mlioglotl (Swamp:4)
  28 Orb Guardians
  A walking crystal tome (Depths:2)
  A moon troll (WizLab)
  Asterion (Spider:3)
  11 titans
  3 quicksilver dragons
  7 sphinxes
  2 walking frostbound tomes (Depths:3)
  4 thorn hunters (Swamp:2)
  9 tentacled starspawn (WizLab)
  6 death cobs
  6 storm dragons
  6 tengu reavers
  Kirke (Swamp:1)
  A draconian monk (Zot:2)
  8 shadow dragons
  A daeva (D:5)
  7 frost giants
  2 draconian knights (Zot:2)
  3 deep elf sorcerers
  19 vault wardens
  4 draconian shifters
  An iron dragon (Vaults:4)
  7 fire giants
  7 draconian scorchers
  A balrug (Depths:1)
  An emperor scorpion (Spider:2)
  5 ghost moths
  A draconian stormcaller (Zot:2)
  2 orc warlords
  2 broodmothers
  19 stone giants
  2 cacodemons (WizLab)
  2 vampire knights
  5 ironbound thunderhulks
  17 ironbound preservers
  2 formless jellyfish
  9 green draconians
  5 draconian annihilators
  16 very ugly things
  6 spriggan defenders
  4 eleionomae
  8 yellow draconians
  5 war gargoyles
  7 black draconians
  A deep elf death mage (Vaults:4)
  5 dire elephants
  2 bunyips
  7 white draconians
  8 purple draconians
  A deep elf annihilator (Vaults:5)
  13 red draconians
  A green death (Depths:2)
  9 spark wasps
  A quicksilver dragon zombie (Depths:3)
  2 pearl dragon zombies (Depths:3)
  A crystal guardian (WizLab)
  8 ettins
  5 jiangshi
  5 entropy weavers
  A rakshasa (Zot:1)
  20 yaktaur captains
  35 vault guards
  A shambling mangrove (Swamp:2)
  6 fire dragons
  4 ice dragons
  19 great orbs of eyes
  19 hydras
  2 jorogumos
  3 spriggan air magi
  An ogre mage (D:14)
  Erica (Orc:1)
  Erolcha (Orc:1)
  A hell beast (Depths:1)
  A peacekeeper (Vaults:4)
  12 boulder beetles
  2 catoblepae (D:15)
  9 centaur warriors
  2 death knights
  3 ghost crabs
  A merfolk avatar (Lair:5)
  6 alligators
  7 ironbound frosthearts
  An anaconda (shapeshifter) (Vaults:4)
  25 dancing weapons
  2 two-headed ogres
  4 radroaches
  8 deep troll earth magi
  5 death yaks (Lair:5)
  7 spriggan berserkers
  6 demonic crawlers
  8 tengu warriors
  13 deep troll shamans
  8 hell hogs
  3 occultists
  A titan zombie (Depths:3)
  5 orc high priests
  Urug (Lair:3)
  2 sun demons (Depths:1)
  3 vampire magi (Depths:1)
  14 deep elf knights
  2 sixfirhies (Depths:2)
  6 hell knights
  3 wretched stars (WizLab)
  9 iron trolls
  2 sea snakes (Lair:5)
  7 goliath frogs
  3 soul eaters (Depths:1)
  A spriggan druid (Swamp:4)
  6 pharaoh ants
  8 skysharks
  A cherub (D:5)
  A glowing orange brain (shapeshifter) (Vaults:4)
  70 deep trolls
  2 skeletal warriors (D:15)
  8 orb spiders
  8 arcanists
  3 glowing orange brains
  3 flayed ghosts
  3 steelbarb worms
  A deep troll (shapeshifter) (Vaults:5)
  4 phantasmal warriors
  10 swamp dragons
  12 lindwurms
  2 bog bodies
  11 deep elf archers
  5 harpies
  9 orc knights
  16 ironbound convokers
  10 deep elf zephyrmancers
  23 deep elf pyromancers
  A tengu zombie (Depths:3)
  2 oklob plants (Swamp:2)
  6 necromancers
  A shining eye (shapeshifter) (Vaults:4)
  16 wolf spiders
  A will-o-the-wisp (Swamp:2)
  47 ugly things
  5 orc sorcerers
  11 manticores
  20 elephants
  29 moths of wrath
  A meliai (shapeshifter) (D:15)
  4 apis skeletons (Depths:3)
  5 eyes of devastation (WizLab)
  5 meliai
  3 cyclopes
  3 kobold blastminers (Orc:2)
  2 smoke demons
  4 black mambas
  A hellion (Depths:1)
  7 torpor snails
  12 vault sentinels
  2 gargoyles
  12 cane toads
  An elf skeleton (Vaults:1)
  7 rime drakes
  An unseen horror (shapeshifter) (Elf:1)
  56 yaktaurs
  2 freezing wraiths
  2 kobold demonologists
  An efreet (D:14)
  13 komodo dragons
  Psyche (D:9)
  5 tengu conjurers
  A red devil (D:12)
  12 hornets
  2 merfolk (shapeshifter)
  3 polar bears
  3 trolls
  A bloated husk (Swamp:1)
  A wind drake (shapeshifter) (D:14)
  13 blink frogs
  3 tyrant leeches
  19 tarantellas
  Prince Ribbit (Bailey)
  6 dream sheep
  A glass eye (Depths:2)
  16 slime creatures
  A shadow (D:13)
  Sigmund (D:3)
  4 air elementals (Elf:1)
  24 jumping spiders
  A centaur simulacrum (D:14)
  18 culicivoras
  4 water elementals
  2 wraiths (D:13)
  A vampire (D:11)
  7 spriggans
  54 yaks
  10 wyverns
  A golden eye (D:1)
  7 humans (Bailey)
  2 fire elementals
  6 hogs
  5 basilisks
  2 neqoxecs (WizLab)
  Grum (Lair:1)
  A human simulacrum (Vaults:2)
  4 steam dragons
  39 redbacks
  14 vampire mosquitoes
  Menkaure (D:6)
  A human zombie (Depths:3)
  A swamp worm (shapeshifter) (Vaults:4)
  13 swamp worms
  17 water moccasins
  3 acid dragons
  5 swamp drakes (Swamp:4)
  9 orc warriors
  2 black bears (D:5)
  2 ice beasts
  A redback (shapeshifter) (Depths:2)
  An orc zombie (Vaults:1)
  3 boggarts (Vaults:2)
  5 ogres
  A centaur (D:9)
  14 wolves
  5 kobold brigands
  2 earth elementals (Elf:1)
  18 bullfrogs
  A scorpion (D:5)
  14 wights
  3 killer bees (D:9)
  6 howler monkeys
  8 electric eels
  A crimson imp (D:5)
  4 bombardier beetles
  2 jellies
  A hound (D:5)
  A gnoll bouda (D:10)
  15 orc priests
  A sleepcap (D:4)
  25 orc wizards
  A spriggan simulacrum (D:11)
  3 troll simulacra (D:11)
  8 adders
  5 gnolls
  2 white imps (D:6)
  2 dart slugs
  5 ribbon worms
  53 orcs
  7 ball pythons
  4 endoplasms
  5 giant cockroaches
  9 goblins
  6 hobgoblins
  22 kobolds
  5 quokkas
  3 bats
  2 frilled lizards (D:3)
  2 rats
  13 starspawn tentacles (WizLab)
1822 creatures vanquished.

Vanquished Creatures (collateral kills)
  A dread lich (Zot:5)
  Mara (Swamp:3)
  An ancient lich (Zot:5)
  2 orbs of fire (Zot:5)
  the Lernaean hydra (Swamp:4)
  A tentacled monstrosity (Zot:5)
  Frances (Swamp:1)
  A vault warden (Vaults:2)
  A draconian scorcher (Zot:5)
  An orc warlord (Vaults:3)
  2 draconian annihilators (Zot:4)
  A bunyip (Swamp:1)
  A hydra (Lair:3)
  A rakshasa (D:14)
  2 dancing weapons (Elf:2)
  An orc high priest (Vaults:3)
  A skyshark (Vaults:4)
  A bog body (Swamp:1)
  3 swamp dragons
  3 orc knights
  A moth of wrath (Zot:4)
  A meliai (Spider:3)
  3 yaktaurs
  A rime drake (Lair:3)
  A freezing wraith (D:14)
  A tyrant leech (Lair:3)
  A jumping spider (Lair:3)
  A hog (Swamp:1)
  A swamp worm (Lair:3)
38 creatures vanquished.

Vanquished Creatures (others)
  A deep elf knight (Elf:1)
  A smoke demon (Depths:1)
  A bloated husk (Swamp:1)
  An orc (Orc:1)
  4 foxfires (Swamp:2)
  14 starspawn tentacles (WizLab)
22 creatures vanquished.

Grand Total: 1882 creatures vanquished

Notes
Turn   | Place    | Note
-------+----------+-------------------------------------------
     0 | D:1      | legrandkwe the Minotaur Berserker began the quest for the
                  | Orb.
     0 | D:1      | Reached XP level 1. HP: 19/19 MP: 0/0
   328 | D:1      | Reached XP level 2. HP: 27/27 MP: 1/1
   393 | D:1      | Reached skill level 4 in Fighting
   394 | D:1      | Found a faded altar of an unknown god.
   482 | D:1      | Found Hizxuron's Book Shop.
  1237 | D:2      | Reached XP level 3. HP: 32/33 MP: 2/2
  1404 | D:2      | Reached ** piety under Trog
  1741 | D:2      | You fall into a shaft and drop 1 floor!
  1762 | D:3      | Found a blossoming altar of Fedhas.
  1777 | D:3      | Noticed an oklob plant
  1845 | D:3      | Reached XP level 4. HP: 36/41 MP: 3/3
  1921 | D:3      | Noticed Sigmund
  2006 | D:3      | Killed Sigmund
  2007 | D:3      | Reached skill level 5 in Fighting
  2007 | D:3      | Reached XP level 5. HP: 31/48 MP: 4/4
  2402 | D:3      | Reached skill level 1 in Polearms
  2402 | D:3      | Reached XP level 6. HP: 41/56 MP: 5/5
  2963 | D:4      | Found a white marble altar of Elyvilon.
  3184 | D:4      | Reached XP level 7. HP: 53/62 MP: 6/6
  3235 | D:4      | Reached skill level 5 in Armour
  3420 | D:5      | Entered Level 5 of the Dungeon
  3420 | D:5      | Noticed a hornet
  3429 | D:5      | Killed a hornet
  3430 | D:5      | Reached skill level 6 in Fighting
  3506 | D:5      | Reached skill level 5 in Polearms
  3645 | D:5      | Reached XP level 8. HP: 71/71 MP: 7/7
  3799 | D:5      | Found a burning altar of Makhleb.
  3820 | D:5      | Noticed a hornet
  3827 | D:5      | Killed a hornet
  3828 | D:5      | Reached skill level 7 in Fighting
  4727 | D:6      | Noticed Menkaure
  4745 | D:6      | Killed Menkaure
  4824 | D:6      | Found a staircase to the Ecumenical Temple.
  5057 | D:6      | Found Honeaphy's Jewellery Shop.
  5198 | D:6      | Found a snail-covered altar of Cheibriados.
  5198 | D:6      | Found a shadowy altar of Dithmenos.
  5198 | D:6      | Found a hide-covered altar of Uskayaw.
  5198 | D:6      | Found a radiant altar of Vehumet.
  5206 | D:6      | Found a shimmering altar of Xom.
  5206 | D:6      | Found a sacrificial altar of Ru.
  5622 | D:7      | Reached skill level 8 in Fighting
  5622 | D:7      | Reached XP level 9. HP: 67/81 MP: 8/8
  5937 | D:7      | Identified the +3 ring mail of Dim Light {rCorr}
  5985 | D:7      | Found Cecy's Antique Armour Boutique.
  5987 | D:7      | Found Qatzus's Magic Scroll Shop.
  5990 | D:7      | Found Wonao's Armour Boutique.
  6078 | D:7      | Reached *** piety under Trog
  6084 | D:7      | Reached skill level 10 in Polearms
  6092 | D:7      | Bought a scroll of teleportation for 33 gold pieces
  6092 | D:7      | Bought a scroll of fog for 44 gold pieces
  6092 | D:7      | Bought a scroll of blinking for 82 gold pieces
  6092 | D:7      | Bought a scroll of identify for 22 gold pieces
  6092 | D:7      | Bought a scroll of fear for 44 gold pieces
  6102 | D:7      | Bought a glowing chain mail for 120 gold pieces
  6515 | D:8      | Found a flagged portal.
  6523 | D:8      | Reached skill level 9 in Fighting
  6530 | Bailey   | Entered a bailey
  6664 | Bailey   | Reached XP level 10. HP: 91/91 MP: 9/9
  6667 | Bailey   | Noticed Prince Ribbit
  6675 | Bailey   | Killed Prince Ribbit
  6681 | Bailey   | Noticed a vault guard
  6692 | Bailey   | Killed a vault guard
  6765 | Bailey   | Reached skill level 10 in Fighting
  6843 | Bailey   | Noticed a vault guard
  6852 | Bailey   | Killed a vault guard
  6939 | D:8      | Found an ornate altar of the Wu Jian Council.
  7045 | D:8      | Reached skill level 10 in Armour
  7100 | D:8      | Reached **** piety under Trog
  7276 | D:8      | Found a staircase to the Lair.
  7512 | D:8      | Upgraded the game from 0.31.0-11-ge490571c62 to
                  | 0.31.0-12-g77e489cdc1
  7636 | D:9      | Found Muit's Distillery.
  7647 | D:9      | Bought a potion of heal wounds for 75 gold pieces
  7808 | D:9      | Noticed Psyche
  7861 | D:9      | Killed Psyche
  7862 | D:9      | Reached XP level 11. HP: 100/101 MP: 10/10
  8336 | D:10     | Entered Level 10 of the Dungeon
  8340 | D:10     | Reached skill level 11 in Fighting
  8432 | D:10     | Found a broken altar of Ashenzari.
  8434 | D:10     | Found an iron altar of Okawaru.
  8459 | D:10     | Found a stormy altar of Qazlal.
  8542 | D:10     | Reached ***** piety under Trog
  9398 | Lair:1   | Entered Level 1 of the Lair of Beasts
  9722 | Lair:1   | Reached skill level 12 in Fighting
  9722 | Lair:1   | Reached skill level 15 in Polearms
  9842 | Lair:1   | Noticed Grum
  9851 | Lair:1   | Killed Grum
 10050 | Lair:1   | Reached XP level 12. HP: 113/113 MP: 11/11
 10125 | Lair:1   | Noticed a catoblepas
 10150 | Lair:1   | Banished a catoblepas
 10951 | D:7      | Bought a +0 pair of gloves for 45 gold pieces
 10951 | D:7      | Bought a +0 cloak for 45 gold pieces
 11085 | Lair:1   | Reached skill level 13 in Fighting
 11587 | Lair:2   | Reached skill level 14 in Fighting
 11620 | Lair:2   | Found a hazy altar of Hepliaklqana.
 12176 | Lair:3   | Noticed a death yak
 12185 | Lair:3   | Noticed a death yak
 12185 | Lair:3   | Noticed a death yak
 12204 | Lair:2   | Banished a death yak
 12390 | Lair:3   | Noticed Urug
 12396 | Lair:3   | Killed Urug
 12397 | Lair:3   | Noticed an eight-headed hydra
 12402 | Lair:3   | Killed a ten-headed hydra
 12514 | Lair:3   | Noticed a boulder beetle
 12533 | Lair:3   | Reached XP level 13. HP: 110/125 MP: 12/12
 12547 | Lair:3   | Reached skill level 15 in Fighting
 12833 | Lair:3   | Reached skill level 1 in Ranged Weapons
 12963 | Lair:3   | Found a hole to the Spider Nest.
 12976 | Lair:3   | Reached skill level 1 in Evocations
 13351 | Lair:3   | Reached skill level 15 in Armour
 13420 | Lair:3   | Found a staircase to the Swamp.
 14963 | Lair:5   | Entered Level 5 of the Lair of Beasts
 14987 | Lair:4   | Reached skill level 5 in Dodging
 15139 | Lair:5   | Found a viscous altar of Jiyva.
 15265 | Lair:5   | Reached skill level 5 in Ranged Weapons
 15287 | Lair:5   | Received a gift from Trog
 15288 | Lair:5   | Reached skill level 16 in Fighting
 15453 | Lair:5   | Reached XP level 14. HP: 137/137 MP: 13/13
 15776 | Lair:5   | Reached skill level 5 in Evocations
 16614 | Lair:5   | Identified the orb of a bazaar {*Rage, Int+6 Dex-3 Stlth+}
 17392 | D:11     | Found a frozen archway.
 17576 | IceCv    | Entered an ice cave
 18084 | D:12     | Identified the +8 glaive of Tuip {antimagic, *Slow Fly
                  | rPois rC+++} (Trog gifted it to you on level 12 of the
                  | Dungeon)
 18084 | D:12     | Received a gift from Trog
 18117 | D:12     | Found a staircase to the Orcish Mines.
 18166 | Orc:1    | Entered Level 1 of the Orcish Mines
 18171 | Orc:1    | Noticed Erolcha
 18206 | Orc:1    | Killed Erolcha
 18380 | Orc:2    | Entered Level 2 of the Orcish Mines
 18380 | Orc:2    | Found a staircase to the Elven Halls.
 18749 | Orc:2    | Reached ****** piety under Trog
 18840 | Orc:2    | Reached skill level 17 in Fighting
 18852 | Orc:2    | Reached XP level 15. HP: 71/147 MP: 8/14
 19238 | Orc:2    | Paralysed by an orc sorcerer for 3 turns
 19369 | Orc:2    | Found Zureckos's Assorted Antiques.
 19369 | Orc:2    | Found Busaet's Distillery.
 19371 | Orc:2    | Found Mookkur's Armour Emporium.
 19371 | Orc:2    | Found Urelua's Book Emporium.
 19401 | Orc:2    | Bought a scroll of teleportation for 84 gold pieces
 19401 | Orc:2    | Bought a potion of curing for 84 gold pieces
 19646 | Orc:1    | Noticed Erica
 19725 | Orc:1    | Killed Erica
 19732 | Orc:1    | Noticed Jorgrun
 19824 | Orc:2    | Bought a scroll of identify for 56 gold pieces
 20813 | Swamp:1  | Entered Level 1 of the Swamp
 20858 | Swamp:1  | Noticed Kirke
 21058 | Swamp:1  | Killed Kirke
 21060 | Swamp:1  | Received a gift from Trog
 21376 | Swamp:1  | Noticed Frances
 21383 | Swamp:1  | Killed Frances
 21527 | Swamp:1  | Found a transporter.
 21604 | Swamp:1  | Found a transporter.
 22156 | Swamp:1  | Identified the ring "Gimaoj" {Fly Int+6}
 22164 | Swamp:1  | Identified the +10 great sword of Tiulasi {elec, *Corrode
                  | rC++ rN+++ Str-5}
 22165 | Swamp:1  | Identified the +0 helmet of Peek-a-Boo {rN+ Int+3 Dex-4
                  | SInv}
 22692 | Swamp:2  | Noticed a thorn hunter
 22978 | Swamp:2  | Killed a thorn hunter
 23166 | Swamp:2  | Noticed a thorn hunter
 23207 | Swamp:2  | Killed a thorn hunter
 23510 | Swamp:2  | Noticed a thorn hunter
 23522 | Swamp:2  | Killed a thorn hunter
 24151 | Swamp:2  | Noticed a thorn hunter
 24163 | Swamp:2  | Killed a thorn hunter
 24436 | Swamp:3  | Reached skill level 18 in Fighting
 24436 | Swamp:3  | Reached skill level 10 in Dodging
 24463 | Swamp:3  | Reached skill level 1 in Throwing
 24463 | Swamp:3  | Reached XP level 16. HP: 157/157 MP: 15/15
 24535 | Swamp:3  | Noticed Mara
 24552 | Swamp:3  | Killed Mara
 24962 | Swamp:4  | Entered Level 4 of the Swamp
 25049 | Swamp:4  | Received a gift from Trog
 25238 | Swamp:4  | Found a runed translucent door.
 25240 | Swamp:4  | Noticed Gryn's ghost (adept DgHu)
 25241 | Swamp:4  | Noticed Mlioglotl
 25255 | Swamp:4  | Killed Mlioglotl
 25359 | Swamp:4  | Noticed Roxanne
 25361 | Swamp:4  | Identified the +3 spear of the Blessed Realm {flame, *Noise
                  | rPois Dex+2}
 26642 | Swamp:4  | Noticed the 27-headed Lernaean hydra
 27241 | Swamp:4  | Killed the 27-headed Lernaean hydra
 27351 | Swamp:4  | Got a decaying rune of Zot
 28073 | D:13     | Reached skill level 5 in Throwing
 28667 | D:13     | Found Ceulumpi's Book Shoppe.
 29263 | D:14     | Reached skill level 19 in Fighting
 30289 | D:6      | Bought an amulet of reflection for 360 gold pieces
 30770 | D:14     | Reached XP level 17. HP: 141/168 MP: 16/16
 30987 | D:14     | Found a gate to the Vaults.
 31115 | D:15     | Entered Level 15 of the Dungeon
 31582 | D:15     | Found a staircase to the Depths.
 32460 | Spider:1 | Entered Level 1 of the Spider Nest
 33344 | Spider:2 | Received a gift from Trog
 34584 | Spider:3 | Reached skill level 20 in Fighting
 35546 | Spider:4 | Entered Level 4 of the Spider Nest
 35805 | Spider:4 | Noticed Asterion
 35831 | Spider:3 | Killed Asterion
 35832 | Spider:3 | Reached skill level 10 in Evocations
 36000 | Spider:4 | Reached XP level 18. HP: 158/178 MP: 17/17
 36307 | Spider:4 | Received a gift from Trog
 38008 | Spider:4 | Got a gossamer rune of Zot
 38239 | Lair:5   | Reached XP level 19. HP: 187/187 MP: 18/18
 38489 | Vaults:1 | Entered Level 1 of the Vaults
 39074 | Vaults:1 | Found Ixije's Magic Scroll Shoppe.
 39081 | Vaults:1 | Bought a scroll of revelation for 97 gold pieces
 39081 | Vaults:1 | Bought a scroll of revelation for 97 gold pieces
 39081 | Vaults:1 | Bought a scroll of silence for 123 gold pieces
 39358 | Vaults:1 | Identified the +1 chain mail "Qiuff" {^Contam Harm rF+
                  | Dex+2}
 39432 | Vaults:1 | Received a gift from Trog
 39699 | Vaults:1 | Reached skill level 21 in Fighting
 40641 | Vaults:1 | Identified a scroll of acquirement
 40645 | Vaults:1 | Acquired the +2 pair of boots "Muk Cio" {rCorr Str+2
                  | Stlth+}
 41144 | Vaults:1 | Identified the +0 plate armour of Voqoiv {rN+ Stlth+}
 41703 | Vaults:1 | Found a portal to a secret trove of treasure.
 41706 | Vaults:1 | You paid a toll of 3 scrolls of blinking to enter a
                  | treasure trove
 41707 | Trove    | Entered a treasure trove
 41714 | Trove    | Identified the +1 bardiche "Piaraon" {freeze, Str+3 Dex+4}
 41715 | Trove    | Identified the amulet "Zuxaykh" {Faith rElec rCorr Str+2}
 41717 | Trove    | Identified the ring of Equivalence {Ice ^Contam Int+2 Dex+8
                  | Slay-6}
 41724 | Trove    | Identified the +2 robe of Rialomet {rC+ Will- rCorr}
 41956 | Vaults:2 | Reached skill level 1 in Shields
 42240 | Vaults:2 | Found Cukitel's Distillery.
 42244 | Vaults:2 | Bought a potion of heal wounds for 100 gold pieces
 42244 | Vaults:2 | Bought a potion of heal wounds for 100 gold pieces
 42410 | Vaults:2 | Reached skill level 5 in Shields
 42585 | Vaults:2 | Identified the serpent talisman "Qugef" {rF- rC+ rCorr
                  | Int+7}
 42585 | Vaults:2 | Noticed Aizul
 42595 | Vaults:2 | Banished Aizul
 42596 | Vaults:2 | Reached XP level 20. HP: 161/198 MP: 19/19
 42709 | Vaults:2 | Received a gift from Trog
 42813 | Vaults:2 | Found Hogahiw's Distillery.
 42821 | Vaults:2 | Bought a potion of resistance for 190 gold pieces
 42821 | Vaults:2 | Bought 2 potions of might for 152 gold pieces
 43133 | Vaults:2 | Found Sat Jurch's Magic Scroll Boutique.
 43135 | Vaults:2 | Found Xurchiop's Assorted Antiques.
 43140 | Vaults:2 | Bought a scroll of enchant armour for 150 gold pieces
 43140 | Vaults:2 | Bought a scroll of teleportation for 60 gold pieces
 43140 | Vaults:2 | Bought a scroll of revelation for 150 gold pieces
 43140 | Vaults:2 | Bought a scroll of teleportation for 60 gold pieces
 43140 | Vaults:2 | Bought a scroll of fear for 80 gold pieces
 43143 | Vaults:2 | Bought a wand of paralysis (6) for 432 gold pieces
 43185 | Vaults:2 | Noticed Mennas
 43816 | Vaults:3 | Found a staircase to the Crypt.
 43816 | Vaults:3 | Found a basalt altar of Yredelemnul.
 44009 | Vaults:2 | Killed Mennas
 44009 | Vaults:2 | Received a gift from Trog
 44010 | Vaults:2 | Reached skill level 10 in Shields
 44324 | Vaults:2 | Found Aniluc's Distillery.
 44429 | Vaults:2 | Bought a potion of heal wounds for 75 gold pieces
 44429 | Vaults:2 | Bought a potion of cancellation for 120 gold pieces
 44429 | Vaults:2 | Bought a potion of might for 60 gold pieces
 44429 | Vaults:2 | Bought a potion of heal wounds for 75 gold pieces
 44429 | Vaults:2 | Bought a potion of heal wounds for 75 gold pieces
 44897 | Vaults:3 | Found Hialeygo's Assorted Antiques.
 44928 | Vaults:3 | Bought a pair of glowing gloves for 172 gold pieces
 45004 | Vaults:3 | Found Deepyso's Weapon Boutique.
 46007 | Vaults:3 | Noticed Xtahua
 46168 | Vaults:3 | Found an ancient bone altar of Kikubaaqudgha.
 46430 | Orc:2    | Bought a +2 plate armour of fire resistance for 520 gold
                  | pieces
 47287 | Vaults:3 | Banished Xtahua
 47598 | Vaults:3 | Received a gift from Trog
 47607 | Vaults:3 | Reached skill level 15 in Shields
 47633 | Vaults:3 | Paralysed by a formless jellyfish for 1 turns
 48705 | Vaults:4 | Noticed Norris
 48721 | Vaults:4 | Killed Norris
 48764 | Vaults:4 | Reached XP level 21. HP: 204/204 MP: 20/20
 49092 | Vaults:4 | Found Gujaupuu's Assorted Antiques.
 49102 | Vaults:4 | Received a gift from Trog
 49211 | Vaults:4 | Bought a potion of curing for 78 gold pieces
 49211 | Vaults:4 | Bought a scroll of teleportation for 78 gold pieces
 49211 | Vaults:4 | Bought a scroll of summoning for 247 gold pieces
 49266 | Vaults:4 | Found Kucugej's Antique Weapon Shoppe.
 49785 | Vaults:4 | Acquired 605 gold pieces
 50975 | Vaults:4 | Received a gift from Trog
 51605 | D:6      | Bought a ring of protection from cold for 300 gold pieces
 51761 | Elf:1    | Entered Level 1 of the Elven Halls
 51837 | Elf:1    | Paralysed by an air elemental for 1 turns
 52494 | Elf:1    | Paralysed by an air elemental for 1 turns
 52542 | Elf:1    | Received a gift from Trog
 52790 | Elf:1    | Paralysed by an air elemental for 1 turns
 53677 | Elf:2    | Noticed Tago's ghost (adept TrFi)
 53687 | Elf:2    | Found a transporter.
 53707 | Elf:2    | Found a transporter.
 53918 | Elf:2    | Found a runed translucent gate.
 53918 | Elf:2    | Found a runed translucent gate.
 53928 | Elf:2    | Found a runed translucent gate.
 54125 | Elf:2    | Received a gift from Trog
 54274 | Elf:2    | Found Tukogaun's Self-Improvement Boutique.
 54516 | Elf:2    | Found Ciath's Weapon Emporium.
 56694 | Depths:1 | Entered Level 1 of the Depths
 56743 | D:15     | Reached XP level 22. HP: 177/214 MP: 21/21
 56840 | D:15     | Upgraded the game from 0.31.0-12-g77e489cdc1 to
                  | 0.31.0-32-g396128a36d
 57865 | Depths:1 | Found a one-way gateway to a ziggurat.
 58160 | Depths:1 | Noticed Bai Suzhen
 58183 | Depths:1 | Killed Bai Suzhen
 58184 | Depths:1 | Reached skill level 22 in Fighting
 58516 | Depths:1 | Received a gift from Trog
 59801 | Depths:1 | Identified the +9 demon whip "Ledibili" {drain, ^Drain rF+
                  | rC++ SInv}
 60279 | Depths:1 | Found a gateway to Hell.
 60358 | Depths:1 | Reached skill level 1 in Maces & Flails
 61012 | Depths:2 | Received a gift from Trog
 61050 | Depths:2 | Found a one-way gate leading to the halls of Pandemonium.
 61103 | Depths:2 | Found a magical portal.
 61269 | WizLab   | Entered Lehudib's Moon Base
 61318 | WizLab   | Reached skill level 5 in Maces & Flails
 61333 | WizLab   | Found a transporter.
 61752 | WizLab   | Gained mutation: Armour fits poorly on your strangely
                  | shaped body. [a neqoxec]
 62451 | WizLab   | Identified the +13 halberd "Jiuleos" {flame, rN++ Will+}
                  | (Trog gifted it to you in a wizard's laboratory)
 62451 | WizLab   | Received a gift from Trog
 62452 | WizLab   | Reached skill level 10 in Maces & Flails
 62459 | WizLab   | Found a transporter.
 63004 | WizLab   | Lost mutation: Armour fits poorly on your strangely shaped
                  | body. [potion of mutation]
 63004 | WizLab   | Gained mutation: Your natural rate of healing is unusually
                  | fast. [potion of mutation]
 63004 | WizLab   | Gained mutation: You have a somewhat thin skeletal
                  | structure. (Dex +2, Stealth+) [potion of mutation]
 63004 | WizLab   | Gained mutation: You are somewhat resistant to further
                  | mutation. [potion of mutation]
 63049 | WizLab   | Identified the +4 dagger "Tixzaor" {drain, Dex+3}
 63051 | WizLab   | Identified the +2 hat of Pathos {Dex+5}
 63052 | WizLab   | Identified the +5 ring mail "Yxunguh" {rF+}
 63175 | Depths:2 | Found a broken altar of Ashenzari.
 63298 | Depths:2 | Noticed a golden dragon
 63682 | Depths:2 | Identified the +3 trident of Uggampeok {heavy, Int+2}
 63751 | Depths:2 | Reached XP level 23. HP: 213/224 MP: 22/22
 64701 | Depths:3 | Identified the +6 spear of Ysae {heavy, +Blink rCorr Str+9
                  | Int-5} (Trog gifted it to you on level 3 of the Depths)
 64701 | Depths:3 | Received a gift from Trog
 65066 | Depths:3 | Found a basalt altar of Yredelemnul.
 65120 | Depths:3 | Identified the ring of Horghoecw {Dex+5 SInv}
 65189 | Depths:3 | Noticed Parghit
 65210 | Depths:3 | Killed Parghit
 65626 | D:6      | Bought a ring of positive energy for 240 gold pieces
 66036 | Depths:3 | Found a one-way gate to the infinite horrors of the Abyss.
 66695 | Depths:4 | Entered Level 4 of the Depths
 66760 | Depths:4 | Identified the +9 dire flail "Macrug" {flame, rF+++ MP-9
                  | Str-3} (Trog gifted it to you on level 4 of the Depths)
 66760 | Depths:4 | Received a gift from Trog
 66807 | Depths:4 | Noticed the Enchantress
 66824 | Depths:4 | Killed the Enchantress
 66882 | Depths:4 | Reached skill level 15 in Dodging
 67049 | Depths:4 | Reached skill level 23 in Fighting
 67278 | Depths:4 | Found a gate to the Realm of Zot.
 67617 | Depths:4 | Received a gift from Trog
 68040 | Depths:4 | Reached XP level 24. HP: 235/235 MP: 22/22
 68056 | Depths:4 | Reached skill level 15 in Maces & Flails
 68107 | Depths:4 | Found a sacrificial altar of Ru.
 68967 | Vaults:5 | Entered Level 5 of the Vaults
 69049 | Vaults:4 | Received a gift from Trog
 69721 | Vaults:5 | Noticed an ancient lich
 69744 | Vaults:4 | Killed an ancient lich
 69775 | Vaults:4 | Received a gift from Trog
 71185 | Vaults:5 | Reached skill level 10 in Throwing
 71648 | Vaults:5 | Identified the +8 spear "Yciewn" {flame, rF+ rC++} (Trog
                  | gifted it to you on level 5 of the Vaults)
 71648 | Vaults:5 | Received a gift from Trog
 71721 | Vaults:5 | Identified the +12 sling "Orb Guardian's Curse" {freeze,
                  | Will+ Str+2 Stlth-}
 71946 | Vaults:5 | Got a silver rune of Zot
 72024 | Vaults:5 | Identified the +0 mace "Keowk" {speed, Will+}
 72049 | Vaults:5 | Identified the staff "Vatrosm" {rF- rC+++ Str-2 Conj
                  | Alchemy}
 72132 | Vaults:5 | Identified the +1 robe of Complete Protection {rPois MP+9
                  | Dex+2}
 72181 | Vaults:5 | Identified the +10 quarterstaff "Hicedytz" {elec, rN+
                  | Dex+3}
 72202 | Vaults:5 | Found Pialih's Weapon Shoppe.
 72948 | Zot:1    | Entered Level 1 of the Realm of Zot
 73264 | Zot:2    | Reached skill level 24 in Fighting
 73411 | Zot:2    | Reached XP level 25. HP: 156/245 MP: 22/22
 73701 | Zot:2    | Received a gift from Trog
 74576 | Zot:4    | Noticed an orb of fire
 74598 | Zot:4    | Killed an orb of fire
 75347 | Zot:5    | Entered Level 5 of the Realm of Zot
 75508 | Zot:5    | Received a gift from Trog
 75588 | Zot:5    | Found the +4 dragonskin cloak
 75588 | Zot:5    | Noticed Tiamat
 75614 | Zot:4    | Killed Tiamat
 76250 | Zot:5    | Noticed an ancient lich
 76270 | Zot:5    | Killed an ancient lich
 76341 | Zot:5    | Noticed an orb of fire
 76342 | Zot:5    | Noticed an ancient lich
 76371 | Zot:5    | Gained mutation: Your body sometimes deteriorates upon
                  | taking damage. [an orb of fire]
 76374 | Zot:5    | Killed an orb of fire
 76388 | Zot:5    | Killed an ancient lich
 76428 | Zot:5    | Noticed a Killer Klown
 76428 | Zot:5    | Noticed an orb of fire
 76428 | Zot:5    | Gained mutation: Armour fits poorly on your strangely
                  | shaped body. [an orb of fire]
 76438 | Zot:5    | Killed an orb of fire
 76457 | Zot:5    | Killed a Killer Klown
 76835 | Zot:5    | Noticed an orb of fire
 76839 | Zot:5    | Noticed a dread lich
 76840 | Zot:5    | Lost mutation: Your natural rate of healing is unusually
                  | fast. [an orb of fire]
 76846 | Zot:5    | Gained mutation: You occasionally lose the ability to read
                  | scrolls when taking damage. [an orb of fire]
 76858 | Zot:5    | Noticed an ancient lich
 76859 | Zot:5    | Killed an orb of fire
 76861 | Zot:5    | Killed a dread lich
 76861 | Zot:5    | Received a gift from Trog
 76864 | Zot:5    | Killed an ancient lich
 76865 | Zot:5    | Reached skill level 25 in Fighting
 77228 | Zot:5    | Reached XP level 26. HP: 256/258 MP: 22/22
 77442 | Zot:5    | Got the Orb of Zot
 78368 | D:$      | Escaped with the Orb!

Illustrated notes

Levels and vault maps discovered:
D:1:      dpeg_arrival_triangle_fractal, layout_basic, serial_co_window_serial,
          co_window_paths_a, co_window_corner_a, co_window_paths_b,
          co_window_paths_a, co_window_paths_a, co_window_cross_3,
          co_window_unsneaky_path_e, co_window_2corner, co_window_broadway_c,
          co_window_of_opportunity_b, glass_columns_b, glass_columns_a,
          glass_columns_a, glass_columns_c, serial_shops,
          nicolae_lakefront_shop, chequers_ecumenical_altar_simple
D:2:      layout_loops_corners
D:3:      layout_loops_ring, tgw_fedhas, chequers_serial_rivers_micro_c,
          uniq_sigmund
D:4:      layout_cave_pools, lemuel_round_altar, minivault_14,
          minmay_box_of_dots
D:5:      layout_loops_corners, makhleb_grotto_becter, gup_sewer_entry_bubbles
D:6:      layout_basic, minmay_overflow_temple_hex, minmay_temple_entry_glass,
          kennysheep_windowed_goal, uniq_menkaure
D:7:      layout_gridville, nicolae_wooded_promenade, minmay_misc_feat_columns,
          nicolae_zen_rock_garden, nrook_campfire
D:8:      layout_rooms, mainiacjoe_overflow_cross_hatched,
          erik_lair_orcish_takeover, enter_bailey_4, kennysheep_cluttered_room
D:9:      layout_basic, serial_shops, shop_statue, uniq_psyche
D:10:     layout_basic, nicolae_overflow_squiral,
          mainiacjoe_overflow_tiny_flanked, nrook_mini_backslash,
          kennysheep_nondescript
D:11:     layout_loops_ring, portal_ice_cave_entry_ice_simulacra
D:12:     layout_loops_ring, orc_0_dummy, serial_bayou_lake_a
D:13:     layout_stronghold, serial_shops, shop
D:14:     layout_roguey, grunt_vaults_entry_fortified,
          nicolae_concentric_dashed_squares_wild
D:15:     grunt_enter_depths_hoard, layout_rooms, minmay_misc_feat_tiny,
          serial_bayou_pond_a, hangedman_decor_push
Lair:1:   layout_small_grid, grunt_megastairs_4, uniq_grum
Lair:2:   layout_loops_ring, basic_altar, grunt_megastairs_2
Lair:3:   layout_regular_city, palyth_hydra_swamp_entry,
          nicolae_spider_entry_tight_spaces, beast_lair_carwin_3, uniq_urug
Lair:4:   beargit_carnivore_pack, layout_long_grid, fungi_pond_lemuel,
          nicolae_lair_lil_pond, mumra_transporter_accident, disabler_island,
          lemuel_fruit_tree
Lair:5:   gammafunk_lair_ancient_temple, layout_misc_corridors,
          minmay_slime_entry_oklob_open, chequers_serial_rivers_micro_c
Swamp:1:  gammafunk_worm_tunnel, layout_basic_swamp,
          nicolae_swamp_trees_clearing, swamp_pool_1_2, uniq_kirke, uniq_frances
Swamp:2:  nicolae_swamp_phyte_club, layout_basic_swamp,
          nicolae_swamp_stuck_in_the_mud
Swamp:3:  layout_basic_swamp, evilmike_swamp_ruin_house_4, swamp_pool_1_2,
          infiniplex_staircase_pool_2, uniq_mara
Swamp:4:  swamp_old_school, layout_basic_swamp, ebering_ghost_funeral_grove,
          uniq_mlioglotl, uniq_roxanne
Spider:1: layout_spider_delve
Spider:2: layout_spider_delve
Spider:3: layout_spider_delve
Spider:4: hellmonk_spider_rune_bug_friends, drop_trap,
          nicolae_spider_not_touching_you, uniq_asterion
Orc:1:    layout_caves, uniq_jorgrun, uniq_erica, uniq_josephine, uniq_erolcha
Orc:2:    st_orc_elflike, layout_caves
Elf:1:    layout_loops_cross, minivault_28, evilmike_minifort
Elf:2:    elven_hall_of_blades_hangedman_original
          [nicolae_blade_entry_pointy_end], layout_gridlike,
          gammafunk_ghost_arena, serial_aquarium, aquarium_bridge_island_small
          [aquarium_subvault_small_open, aquarium_subvault_bridge,
          aquarium_subvault_wall, aquarium_subvault_bridge,
          aquarium_subvault_balcony], aquarium_window_2, aquarium_window_fake,
          aquarium_window_corner, aquarium_window_corner, aquarium_view_2d,
          aquarium_view_2d, aquarium_balcony_3b, serial_shops,
          nicolae_shop_trees, nicolae_shop_self_help
Vaults:1: nicolae_vaults_closet_pinwheel_1, v_misc_27, nicolae_vaults_big_ls,
          v_misc_25, nicolae_vaults_closet_pinwheel_4,
          nicolae_vaults_heart-shaped_vault, nicolae_vaults_circle_grid_b,
          dpeg_vaults_monster_box, vaults_dpeg_diagonal,
          nicolae_vaults_little_squares_6, layout_vaults_quadrants,
          serial_shops, shop, enter_trove_6
Vaults:2: vaults_mumra_minichess, hangedman_vaults_stagger,
          nicolae_vaults_house_1, nicolae_vaults_shrinking_rooms_2,
          nicolae_vaults_variable_pillar_hall, grunt_vaults_hallway_long,
          nicolae_vaults_network_square, v_misc_11, serial_ice_m,
          nicolae_vaults_tetromino_T_1, vaults_dpeg_emergency_exit,
          layout_vaults_ring, serial_shops, nicolae_shop_trees,
          nicolae_shop_back_alley_shop, nicolae_shop_tiny_waterfront, shop,
          shop, uniq_aizul, uniq_mennas
Vaults:3: v_rooms_4, vaults_dpeg_ring, v_rooms_3, minmay_crypt_entry_necro_gods,
          nicolae_vaults_surprise_closet, nicolae_vaults_tangram_1,
          nicolae_vaults_offset_grid_hallway_3,
          nicolae_vaults_taking_the_gang_shopping,
          nicolae_vaults_little_squares_3, nicolae_vaults_trapezoid_2,
          minmay_orc_keep, hangedman_vaults_impose, v_misc_10,
          hangedman_vaults_impose, nicolae_vaults_little_squares_3,
          ontoclasm_vaults_ring_square, nicolae_vaults_double_plus_2,
          layout_vaults_omnicross, serial_shops, shop, uniq_xtahua
Vaults:4: nicolae_vaults_three_branches, nicolae_vaults_network_quincunx
          [nicolae_vaults_network_quincunx_subvault,
          nicolae_vaults_network_quincunx_subvault,
          nicolae_vaults_network_quincunx_subvault,
          nicolae_vaults_network_quincunx_subvault,
          nicolae_vaults_network_quincunx_subvault],
          nicolae_vaults_tetromino_L_1, nicolae_vaults_trapezoid_lopsided_3,
          nicolae_vaults_apartment_1, nicolae_vaults_six-pack, vaults_mumra_hex,
          v_misc_29, nicolae_vaults_apartment_2, ontoclasm_vaults_ligature,
          ontoclasm_vaults_twist, vaults_room_door_hall,
          ontoclasm_vaults_ring_large, v_misc_19, layout_vaults_maze_bifur,
          serial_shops, nicolae_shop_just_a_little_nook,
          nicolae_shop_overgrown_old_shop, uniq_norris
Vaults:5
Depths:1: layout_gridlike, enter_ziggurat_e, hellmouth_2,
          amcnicky_mini_rare_corridor_liquid, bh_walls_and_bars,
          serial_bayou_shore_b, uniq_bai_suzhen
Depths:2: cheibrodos_leafed_vault, layout_long_grid, rand_demon_pan_entry_3,
          hell_entry, nicolae_ashenzari_skybound,
          infiniplex_enter_wizlab_glasses, minivault_1, serial_bayou_shore_b,
          firewood_loft, infiniplex_staircase_pillars_1
Depths:3: minmay_octo_star, layout_gridville,
          nicolae_abyss_entry_one_way_or_another, grunt_hell_entry_dis_old,
          hangedman_blasphemy, minmay_staircase_windowed_large, uniq_josephina,
          uniq_parghit
Depths:4: grunt_zot_entry_funnels, layout_basic, special_room
          [special_room_mythical_zoo], pf_vacation_house_of_asmodeus,
          abyss_entry, nicolae_ru_path_of_blood, uniq_enchantress
Zot:1:    layout_concentric_octagons, regret_index_zotdec_banners
Zot:2:    layout_concentric_octagons
Zot:3:    gammafunk_mikee_crab_dinner, layout_misc_corridors,
          regret_index_zotdec_ceiling_fans
Zot:4:    layout_basic, grunt_ministairs_2
Zot:5:    layout_onion, uniq_tiamat

Skill      XL: |  1  2  3  4  5  6  7  8  9 10 11 12 13 14 15 16 17 18 19 20 21 22 23 24 25 26 |
---------------+-------------------------------------------------------------------------------+-----
Fighting       | 4 5 6 8 9 10 12 14 16 17 18 19 20 21 22 23 24 25 | 25.2
Axes           | 4 6 |  6.1
Armour         | 3 4 5 7 8 10 11 14 15 16 17 19 20 21 22 23 24 | 24.4
Polearms       | 1 3 5 8 11 13 15 16 18 19 | 19.4
Ranged Weapons | 5 7 9 |  9.6
Evocations     | 4 6 8 10 11 12 | 12.6
Dodging        | 5 8 10 11 12 13 14 15 16 17 18 | 18.2
Throwing       | 1 5 6 8 10 | 10.0
Shields        | 5 16 20 | 20.0
Maces & Flails | 11 14 17 20 21 | 21.1

Action                     |  1- 3 |  4- 6 |  7- 9 | 10-12 | 13-15 | 16-18 | 19-21 | 22-24 | 25-27 || total
---------------------------+-------+-------+-------+-------+-------+-------+-------+-------+-------++-------
  Melee: Hand axe          |    57 |    22 |       |       |       |       |       |       |       ||    79
         Headbutt          |     7 |     7 |    16 |    67 |   178 |   226 |   256 |   905 |   274 ||  1936
         Halberd           |       |    30 |   157 |   432 |   980 |  1057 |  1320 |       |       ||  3976
         Punch             |       |     2 |       |       |       |       |       |       |       ||     2
         Demon trident     |       |       |       |       |       |       |    17 |   783 |       ||   800
         Demon whip        |       |       |       |       |       |       |       |  1727 |   822 ||  2549
   Fire: Sling             |    55 |    13 |       |       |       |       |       |       |       ||    68
  Throw: Boomerang         |       |    11 |       |    63 |       |       |   209 |    12 |     9 ||   304
         Stone             |       |     7 |       |     5 |       |       |       |       |       ||    12
         Javelin           |       |       |       |       |    99 |     8 |     2 |    21 |    14 ||   144
 Invoke: Berserk           |       |     2 |     4 |     5 |     5 |     1 |     2 |     2 |     1 ||    22
         Trog's Hand       |       |     1 |     1 |       |     3 |       |     3 |     3 |     4 ||    15
         Brothers in Arms  |       |       |       |     1 |     5 |     4 |     9 |     2 |     6 ||    27
  Evoke: Wand              |       |       |       |       |       |     8 |    13 |    27 |    11 ||    59
         Sack of spiders   |       |       |       |       |       |     1 |     3 |     1 |       ||     5
         Phantom mirror    |       |       |       |       |       |     1 |     3 |       |     1 ||     5
    Use: Scroll            |       |       |     6 |       |    23 |     5 |    18 |    19 |    10 ||    81
         Potion            |       |       |       |     1 |     2 |     4 |    14 |     7 |    11 ||    39
   Stab: Distracted        |       |       |       |     1 |       |     1 |     2 |     1 |     4 ||     9
 Armour: Animal skin       |    16 |       |       |       |       |       |       |       |       ||    16
         Scale mail        |    12 |    36 |    45 |       |       |       |       |       |       ||    93
         Chain mail        |       |       |    19 |   194 |   557 |   341 |       |       |       ||  1111
         Skin              |       |       |       |     2 |       |       |       |       |       ||     2
         Plate armour      |       |       |       |       |       |   784 |  1031 |   491 |       ||  2306
         Gold dragon scale |       |       |       |       |       |       |       |   687 |   391 ||  1078
  Dodge: Dodged            |    20 |    20 |    65 |   167 |   446 |   559 |   596 |   650 |   147 ||  2670
  Block: Other             |       |       |       |       |       |   138 |    42 |       |       ||   180
         Reflection        |       |       |       |       |       |     5 |    12 |       |       ||    17
         Tower shield      |       |       |       |       |       |       |    33 |  2080 |   590 ||  2703
